 Dungeon Crawl Stone Soup version 0.28.0-53-g5a82cb258f (webtiles) character file.

Game seed: 17157170700600898583

2 nickcage the Cudgeller (level 1, -1/18 HPs)
             Began as a Minotaur Gladiator on May 24, 2022.
             Slain by a kobold
             ... wielding a +0 short sword
              (3 damage)
             ... on level 1 of the Dungeon.
             The game lasted 00:00:19 (119 turns).

nickcage the Cudgeller (Minotaur Gladiator)          Turns: 119, Time: 00:00:20

Health: -1/18      AC:  3    Str: 18    XL:     1   Next: 25%
Magic:  0/0        EV: 12    Int:  5    God:
Gold:   0          SH:  0    Dex: 11    Spells: 0/0 levels left

rFire   . . .      SeeInvis .   a - +0 flail
rCold   . . .      Faith    .   (no shield)
rNeg    . . .      Spirit   .   b - +0 leather armour
rPois   .          Reflect  .   c - +0 hat
rElec   .          Harm     .   (no cloak)
rCorr   .          Rampage  .   (no gloves)
Will    .....                   (no boots)
Stlth   +.........              (no amulet)
HPRegen 0.06/turn               (no ring)
MPRegen 0.07/turn               (no ring)

@: no status effects
A: horns 2, retaliatory headbutt
a: no special abilities


You were on level 1 of the Dungeon.
You visited 1 branch of the dungeon, and saw 1 of its levels.

Inventory:

Hand Weapons
 a - a +0 flail (weapon)
Missiles
 d - 3 throwing nets (quivered)
Armour
 b - a +0 leather armour (worn)
 c - a +0 hat (worn)


   Skills:
 - Level 2.4 Fighting
 + Level 3.8 Maces & Flails
 - Level 2.0 Throwing
 - Level 3.2 Dodging


You couldn't memorise any spells.
You didn't know any spells.
Your spell library was empty.

Dungeon Overview and Level Annotations

Branches:
Dungeon (1/15)

Altars:


Innate Abilities, Weirdness & Mutations

You have a pair of horns on your head.
You reflexively headbutt those who attack you in melee.


Message History

You barely miss the frilled lizard. You headbutt the frilled lizard.
You kill the frilled lizard!
You see here a frilled lizard corpse.
You see here 15 arrows.
A kobold comes into view. It is wielding a +0 short sword.
The kobold shouts!
A bat comes into view.
An endoplasm comes into view.
The bat moves out of view.
A dart slug comes into view.
You closely miss the kobold.
The endoplasm quivers.
The kobold misses you. The bat hits you.
You miss the kobold. The bat barely misses you. You furiously retaliate!
You headbutt the bat, but do no damage. The bat misses you.
The kobold hits you with a +0 short sword.
The kobold barely misses you.
You completely miss the kobold. Your headbutt misses the kobold.
The bat hits you but does no damage. The endoplasm freezes you.
You are frozen.
The kobold hits you but does no damage.
You closely miss the kobold. The bat misses you. The kobold barely misses you.
The endoplasm freezes you.
You are frozen.
The bat barely misses you.
You closely miss the kobold. The bat hits you but does no damage.
The bat completely misses you.
The kobold hits you with a +0 short sword.
The bat completely misses you. The endoplasm freezes you.
You are frozen.
You are too injured to fight recklessly!
You are too injured to fight recklessly!
There are monsters nearby!
The bat closely misses you. The endoplasm freezes you.
You are frozen.
* * * LOW HITPOINT WARNING * * *
The bat hits you but does no damage. The bat hits you.
* * * LOW HITPOINT WARNING * * *
The kobold hits you with a +0 short sword.
You die...

#. ### .# ?.
..##.# #.
...#.# #.#
#....#
##.#..#.# #
#...#...#
###..##.b...#
......w.KJ#
.......##@#
....... #.#
....... #.#
....###
#.########.#
....
#...........
###
###(######.#
#.# #. #.##
##...
#.†##...♣


You could see a dart slug, an endoplasm, a bat and a kobold.

Vanquished Creatures
  An endoplasm (D:1)
  A frilled lizard (D:1)
2 creatures vanquished.

Notes
Turn   | Place    | Note
-------+----------+-------------------------------------------
     0 | D:1      | nickcage the Minotaur Gladiator began the quest for the
                  | Orb.
     0 | D:1      | Reached XP level 1. HP: 18/18 MP: 0/0
   119 | D:1      | Slain by a kobold

Illustrated notes

Levels and vault maps discovered:
D:1:      kilobyte_arrival_exit_the_forest, layout_basic,
          ebering_ecumenical_altar_petrified, minmay_misc_feat_square

Action                   || total
-------------------------++-------
Melee: Flail             ||     8
       Headbutt          ||     2
Armor: Leather armour    ||     5
Dodge: Dodged            ||    12
